 Dungeon Crawl Stone Soup version 0.30-a0-920-g7493c07aab (webtiles) character file.

Game seed: 16149618232910647435

112571 jlumianski the End of an Era (level 16, -2/196 HPs)
             Began as a Demonspawn Fighter on Mar 21, 2023.
             Was the Champion of Qazlal.
             Slain by a moth of wrath (11 damage)
             ... on level 3 of the Spider Nest on Mar 22, 2023.
             The game lasted 02:02:51 (23863 turns).

jlumianski the End of an Era (Demonspawn Fighter)  Turns: 23863, Time: 02:02:51

Health: -2/196     AC: 36    Str: 28 (29) XL:     16   Next: 12%
Magic:  0/27       EV: 17    Int:  9 (10) God:    Qazlal [******]
Gold:   516        SH:  0    Dex: 13      Spells: 15/15 levels left

rFire   . . .      SeeInvis .    T - +10 morningstar "Eos" {elec, Halo rElec}
rCold   . . .      Faith    .    I - +0 kite shield
rNeg    . . .      Spirit   +    A - +3 scale mail of a Labyrinth {Drain rPois Str+2}
rPois   +          Reflect  .    h - +1 helmet
rElec   +          Rampage  ∞    x - +1 cloak {Will+}
rCorr   .                        w - +2 pair of gloves {Str+3}
Will    ++...                    C - +3 pair of seven-league boots {Rampage+∞} Stlth
                                 V - amulet of Vitality {RegenMP++ Regen++}
HPRegen 2.12/turn                i - +5 ring of evasion
MPRegen 1.20/turn                k - +4 ring of slaying

@: confused, berserking, spiked, protected from physical damage, sanguine
armoured, slowed, glowing, repel missiles
A: ignite blood 2, magic shield, magic regeneration, sanguine armour 2, demonic
touch 2
a: Renounce Religion, Upheaval, Elemental Force, Disaster Area


You were on level 3 of the Spider Nest.
You worshipped Qazlal.
Qazlal was exalted by your worship.
You visited 4 branches of the dungeon, and saw 25 of its levels.
You also visited: Ossuary and Gauntlet.

You collected 2565 gold pieces.
You spent 2049 gold pieces at shops.

Inventory:

Hand Weapons
 c - a +3 heavy war axe
 E - a +0 broad axe
 T - the +10 morningstar "Eos" (weapon) {elec, Halo rElec}
   (You took it off a yaktaur on level 13 of the Dungeon)

   Halo:      It grants its wielder a halo, revealing invisible creatures and
   increasing accuracy against all within it other than the wielder.
   rElec:     It insulates you from electricity.
 W - the +8 trident of the Ancient Xenops {freeze, rPois rF++}
   (You found it on level 13 of the Dungeon)

   rF:        It greatly protects you from fire.
   rPois:     It protects you from poison.
Missiles
 d - 21 poisoned darts
 q - 4 atropa-tipped darts
 H - a throwing net
 K - 10 boomerangs (quivered)
Armour
 a - the +5 chain mail of Xizxolla {Will+}
   (You found it on level 2 of the Spider Nest)

   Will:      It increases your willpower.
 h - a +1 helmet (worn)
 w - a +2 pair of gloves of strength (worn)
 x - a +1 cloak of willpower (worn)
 A - the +3 scale mail of a Labyrinth (worn) {Drain rPois Str+2}
   (You found it on level 5 of the Dungeon)

   Str:       It affects your strength (+2).
   rPois:     It protects you from poison.
   Drain:     It drains your maximum health when unequipped.
 C - the +3 pair of seven-league boots (worn) {Rampage+∞}
   (You bought it in a shop on level 2 of the Orcish Mines)

   Rampage+∞: When moving toward enemies, its wearer moves as far as possible.
 I - a +0 kite shield (worn)
Jewellery
 g - a ring of resist corrosion
 i - a +5 ring of evasion (left hand)
 k - a +4 ring of slaying (right hand)
 o - a +5 ring of evasion
 v - a ring of wizardry
 y - an amulet of reflection
 F - a ring of protection from fire
 J - a ring of willpower
 V - the amulet of Vitality (around neck) {RegenMP++ Regen++}
   (You found it on level 13 of the Dungeon)

   [amulet of magic regeneration]

   It increases your rate of magic regeneration.
   Regen:     It increases your rate of health regeneration.
Wands
 m - a wand of iceblast (14)
 r - a wand of digging (5)
 u - a wand of mindburst (19)
 z - a wand of acid (15)
 M - a wand of charming (5)
 Q - a wand of flame (28)
Scrolls
 e - 4 scrolls of blinking
 f - 2 scrolls of fog
 j - a scroll of magic mapping
 l - 2 scrolls of poison
 n - 2 scrolls of fear
 s - 11 scrolls of teleportation
 D - 11 scrolls of identify
 N - a scroll of enchant weapon
Potions
 b - a potion of might
 p - 4 potions of heal wounds
 t - 7 potions of curing
 B - 6 potions of haste
 G - a potion of brilliance
 R - 7 potions of flight
 Z - 2 potions of berserk rage
Miscellaneous
 L - a lightning rod (4/4)


   Skills:
 * Level 13.5 Fighting
 - Level 12.1(13.6) Axes
 + Level 9.9(12.5) Maces & Flails
 + Level 1.2 Throwing
 + Level 8.8 Armour
 + Level 6.9 Dodging
 - Level 0.6 Stealth
 + Level 11.9 Shields
 * Level 15.2 Invocations
 + Level 0.2 Evocations


You had 15 spell levels left.
You didn't know any spells.
Your spell library contained the following spells:

 Spells                   Type           Power      Damage    Failure   Level
 Beastly Appendage        Tmut           0%         N/A       85%         1
 Freeze                   Ice            0%         1d3       85%         1
 Necrotise                Necr           0%         1d4       85%         1
 Ensorcelled Hibernation  Hex/Ice        0%         N/A       94%         2
 Passwall                 Tmut/Erth      0%         N/A       94%         2
 Wereblood                Tmut           0%         N/A       94%         2
 Frozen Ramparts          Ice            0%         1d1       99%         3
 Hailstorm                Conj/Ice       0%         3d3       99%         3
 Ignite Poison            Fire/Tmut/Pois 0%         N/A       99%         3
 Kindle Blastsparks       Fire/Tloc/Air  0%         2d10      99%         3
 Spider Form              Tmut/Pois      0%         N/A       99%         3
 Swiftness                Air            0%         N/A       99%         3
 Sticky Flame             Conj/Fire      0%         2d3       100%        4
 Summon Ice Beast         Ice/Summ       0%         N/A       100%        4
 Blade Hands              Tmut           0%         N/A       100%        5
 Freezing Cloud           Conj/Ice/Air   0%         6-21      100%        5
 Irradiate                Conj/Tmut      0%         3d11      100%        5
 Summon Mana Viper        Hex/Summ       0%         N/A       100%        5
 Dragon Form              Tmut           0%         N/A       100%        7
 Haunt                    Necr/Summ      0%         N/A       100%        7
 Monstrous Menagerie      Summ           0%         N/A       100%        7
 Ignition                 Fire           0%         3d3       100%        8


Dungeon Overview and Level Annotations

Branches:
Dungeon (14/15) Temple (0/1) D:6 Lair (5/5) D:8 Shoals (0/4) Lair:2 Spider (4/4) Lair:3 Slime (0/5) Lair:4 Orc (2/2) D:9 Elf (0/3) Orc:2 Vaults (0/5) D:13 D:14 Ossuary (visited) Gauntlet (visited)

Altars:
Cheibriados
Dithmenos
Hepliaklqana
Kikubaaqudgha
Okawaru
Qazlal
Trog
Vehumet
Wu Jian
Yredelemnul
Jiyva

Shops:
D:3 (   D:10 [   Orc:2 ([[*

Annotations:
D:13 Rupert
Spider:4 Arachne


Innate Abilities, Weirdness & Mutations

Your demonic aura often causes spilled blood to erupt in flames.
When hurt, damage is shared between your health and your magic reserves.
You regenerate magic rapidly.
When seriously injured, your blood forms thick armour. (AC +9)
Your touch may inflict irresistible damage on your foes.


Message History

The moth of wrath is engulfed in blazing flames.
You block the moth of wrath's attack.
The broodmother is engulfed in blazing flames.
The broodmother bites you!
* * * LOW HITPOINT WARNING * * *
The steelbarb worm is engulfed in freezing vapours.
The steelbarb worm completely misses you.
The tarantella touches you.
* * * LOW HITPOINT WARNING * * *
You are confused.
The torpor snail is engulfed in freezing vapours.
The torpor snail bites you!!
* * * LOW HITPOINT WARNING * * *
You feel protected from physical attacks.
The moth of wrath is engulfed in blazing flames.
The moth of wrath bites you but does no damage.
The barbs in your skin will harm you if you move.
Continue?
Okay, then.
You are too berserk!
The barbs in your skin will harm you if you move.
Continue?
Okay, then.
Unknown command.
The tarantella touches you but does no damage.
The broodmother is engulfed in blazing flames.
The broodmother bites you!!
* * * LOW HITPOINT WARNING * * *
A spider bursts forth from the wound!
The steelbarb worm is engulfed in freezing vapours.
The steelbarb worm barely misses you. The tarantella misses you.
The broodmother is engulfed in blazing flames.
The broodmother bites you!
* * * LOW HITPOINT WARNING * * *
A spider bursts forth from the wound!
The steelbarb worm is engulfed in freezing vapours.
The steelbarb worm misses you.
The torpor snail is engulfed in freezing vapours.
The torpor snail bites you but does no damage.
The moth of wrath is engulfed in blazing flames.
The moth of wrath bites you!
You die...

##......#...###....#...## #
####...##..##.#...##..#### ##
#.#.....#^.#^.#..##....#.### ##≈
.^####..#..##........###...# #≈#
........#..##..#......^#..## #≈#
^...[.....##...#..##.^##..# ###~≈
#######..##..###...####...###.##.
.....#...##...######.#..###.#....
#......#..#^.##s@ws..#..#.#......
####..##..#..^#ywss..##...#....##
...#.##.....########......^.##..#
...###..##..#^#.##.....###..^##.#
#..#.##.#...#....^..##...##...#~≈
......#####..........#...^#.#.~~#
##..#### #...###.####~#######~#≈#
#...#..####....###..#≈#..#...#≈≈#
###..^##.#..#..##..##.#..#..#~###


You could see a broodmother (berserk), a steelbarb worm (berserk), a torpor
snail (berserk), a moth of wrath, a tarantella (berserk) and 2 redbacks.

Vanquished Creatures
  An emperor scorpion (Spider:3)
  2 ghost moths
  Nessos (Orc:2)
  The ghost of kazekaze the Severer, a journeyman MiBe of Trog (Lair:2)
  A minotaur (Gauntlet)
  2 spark wasps (Spider:3)
  An entropy weaver (Spider:3)
  Josephine (D:13)
  2 fire dragons
  Erolcha (Orc:2)
  6 hydras
  3 centaur warriors
  A jorogumo (Spider:1)
  3 two-headed ogres
  A catoblepas (Lair:5)
  4 boulder beetles
  6 death yaks (Gauntlet)
  2 orc high priests (Orc:1)
  5 pharaoh ants
  2 skysharks (Lair:5)
  4 orb spiders
  A lindwurm (Lair:5)
  11 steelbarb worms
  A necromancer (Gauntlet)
  5 orc knights
  4 ugly things
  2 cyclopes
  2 deep elf pyromancers (D:12)
  A manticore (D:12)
  13 wolf spiders
  3 moths of wrath
  4 elephants (Lair:3)
  8 black mambas
  6 torpor snails
  2 molten gargoyles (Lair:5)
  8 demonic crawlers
  11 cane toads
  An unseen horror (D:12)
  A kobold demonologist (D:10)
  4 rime drakes
  10 komodo dragons
  10 trolls
  A hornet (D:7)
  16 tarantellas
  A polar bear (Lair:1)
  Grinder (D:3)
  16 blink frogs
  Sigmund (D:3)
  15 culicivoras
  13 jumping spiders
  2 centaur simulacra (D:13)
  4 shadows
  A vampire (D:12)
  10 wyverns
  6 wraiths
  45 yaks
  3 basilisks
  6 humans (D:13)
  27 redbacks
  Grum (D:11)
  6 steam dragons
  5 vampire mosquitoes
  A warg (Orc:1)
  A two-headed ogre zombie (D:9)
  Edmund (D:4)
  4 acid dragons
  13 water moccasins
  3 hell hounds (Lair:5)
  4 sky beasts (D:7)
  An ice beast (D:7)
  38 orc warriors
  5 black bears
  9 ogres
  13 wolves
  24 centaurs
  4 phantoms
  3 kobold brigands
  16 bullfrogs
  7 scorpions
  2 gnoll sergeants
  11 wights
  2 troll zombies (D:9)
  3 killer bees
  6 howler monkeys
  11 electric eels
  4 lava snakes (Lair:5)
  A centaur zombie (Ossuary)
  A human zombie (Ossuary)
  3 jellies
  6 hounds
  11 orc priests
  2 gnoll boudas
  An iguana (D:5)
  Jessica (D:2)
  4 hell rats (Lair:4)
  Natasha (thrice) (D:2)
  11 orc wizards
  5 ogre zombies (D:9)
  2 mummies (Ossuary)
  15 gnolls
  3 adders
  A shadow imp (D:7)
  A white imp (D:6)
  A worm (D:2)
  4 dart slugs
  60 orcs
  10 endoplasms
  3 giant cockroaches
  5 gnoll zombies (Ossuary)
  8 goblins
  7 hobgoblins
  12 jackals
  5 quokkas
  3 ball pythons
  13 bats
  A frilled lizard (D:2)
  A goblin skeleton (D:9)
  4 goblin zombies (Ossuary)
  7 hobgoblin skeletons (D:9)
  7 hobgoblin zombies
  20 kobolds
  2 orc skeletons (D:9)
  11 orc zombies
  8 rats
  3 butterflies (Lair:3)
790 creatures vanquished.

Vanquished Creatures (collateral kills)
  An ettin (Orc:1)
  A two-headed ogre (D:9)
  A death yak (Gauntlet)
  An orc knight (D:9)
  A yaktaur (D:13)
  2 trolls
  A wraith (D:13)
  A basilisk (D:13)
  4 orc warriors
  An ogre (Orc:1)
  6 orc priests
  An orc wizard (Orc:1)
  8 orcs
29 creatures vanquished.

Vanquished Creatures (others)
  A deep elf pyromancer (D:13)
  A lava snake (Lair:5)
  A kobold (D:12)
  A bush (Lair:3)
  15 fungi
  37 plants
56 creatures vanquished.

Grand Total: 875 creatures vanquished

Notes
Turn   | Place    | Note
-------+----------+-------------------------------------------
     0 | D:1      | jlumianski the Demonspawn Fighter began the quest for the
                  | Orb.
     0 | D:1      | Reached XP level 1. HP: 18/18 MP: 1/1
   267 | D:1      | Gained mutation: Your demonic aura sometimes causes spilled
                  | blood to erupt in flames. [demonic ancestry]
   267 | D:1      | Reached XP level 2. HP: 24/24 MP: 2/2
   521 | D:2      | Noticed Natasha
   530 | D:1      | Reached XP level 3. HP: 23/29 MP: 3/3
  1147 | D:2      | Gained mutation: When seriously injured, your blood forms
                  | armour. (AC +9) [demonic ancestry]
  1147 | D:2      | Reached XP level 4. HP: 35/35 MP: 4/4
  1175 | D:2      | Killed Natasha
  1272 | D:2      | Noticed Jessica
  1275 | D:2      | Killed Jessica
  1338 | D:2      | Noticed Natasha
  1346 | D:2      | Killed Natasha
  1347 | D:2      | Gained mutation: Your touch may inflict minor irresistible
                  | damage on your foes. [demonic ancestry]
  1347 | D:2      | Reached XP level 5. HP: 26/41 MP: 5/5
  1463 | D:2      | Noticed Natasha
  1487 | D:2      | Killed Natasha
  1877 | D:3      | Noticed Grinder
  1883 | D:3      | Paralysed by Grinder for 5 turns
  1892 | D:3      | Killed Grinder
  1893 | D:3      | Reached skill level 1 in Dodging
  1893 | D:3      | Reached XP level 6. HP: 33/48 MP: 6/6
  2207 | D:3      | Found Moxor's Weapon Shop.
  2367 | D:3      | Found a bloodstained altar of Trog.
  2374 | D:3      | Found a hazy altar of Hepliaklqana.
  2484 | D:3      | Noticed Sigmund
  2538 | D:3      | Killed Sigmund
  2539 | D:3      | Gained mutation: When seriously injured, your blood forms
                  | thick armour. (AC +9) [demonic ancestry]
  2539 | D:3      | Reached XP level 7. HP: 54/54 MP: 7/7
  2871 | D:4      | Reached skill level 5 in Axes
  2942 | D:5      | Entered Level 5 of the Dungeon
  2943 | D:5      | Found a stormy altar of Qazlal.
  2992 | D:5      | Became a worshipper of Qazlal Stormbringer
  3164 | D:4      | Noticed Edmund
  3169 | D:4      | Killed Edmund
  3170 | D:4      | Reached skill level 1 in Invocations
  3266 | D:4      | Reached skill level 2 in Invocations
  3939 | D:5      | Reached XP level 8. HP: 59/61 MP: 8/10
  4212 | D:5      | Reached skill level 3 in Invocations
  4250 | D:6      | Reached skill level 5 in Fighting
  4331 | D:6      | Found a staircase to the Ecumenical Temple.
  4362 | D:6      | Reached skill level 4 in Invocations
  4411 | D:6      | Reached * piety under Qazlal
  4444 | D:6      | Found a sand-covered staircase.
  4448 | Ossuary  | Entered an ossuary
  4691 | D:5      | Identified the +3 scale mail of a Labyrinth {Drain rPois
                  | Str+2}
  5040 | D:6      | Reached XP level 9. HP: 66/68 MP: 12/12
  5082 | D:6      | Reached skill level 5 in Invocations
  5127 | D:5      | Reached skill level 5 in Armour
  5203 | D:5      | Reached skill level 5 in Shields
  5339 | D:7      | Reached skill level 6 in Invocations
  5731 | D:7      | Noticed a centaur warrior
  5748 | D:7      | Killed a centaur warrior
  5748 | D:7      | Reached ** piety under Qazlal
  5834 | D:7      | Gained mutation: You regenerate magic rapidly. [demonic
                  | ancestry]
  5834 | D:7      | Reached XP level 10. HP: 34/77 MP: 15/15
  5895 | D:7      | Reached skill level 7 in Invocations
  6101 | D:7      | Noticed a cyclops
  6107 | D:7      | Killed a cyclops
  6505 | D:8      | Reached *** piety under Qazlal
  6726 | D:7      | Reached skill level 8 in Invocations
  6932 | D:8      | Found a staircase to the Lair.
  7048 | D:7      | Reached XP level 11. HP: 70/85 MP: 17/17
  7114 | D:7      | Noticed a two-headed ogre
  7129 | D:7      | Killed a two-headed ogre
  7385 | D:7      | Found an iron altar of Okawaru.
  7739 | D:8      | Found an ancient bone altar of Kikubaaqudgha.
  7907 | D:9      | Found a radiant altar of Vehumet.
  7966 | D:8      | Found a shadowy altar of Dithmenos.
  7969 | D:8      | Found a basalt altar of Yredelemnul.
  8217 | D:9      | Reached **** piety under Qazlal
  8496 | D:9      | Found a staircase to the Orcish Mines.
  8698 | D:10     | Entered Level 10 of the Dungeon
  8699 | D:10     | Noticed a two-headed ogre
  8701 | D:10     | Noticed an orc knight
  8836 | D:9      | Reached skill level 10 in Axes
  9296 | D:9      | Killed an orc knight
  9297 | D:9      | Reached skill level 9 in Invocations
  9297 | D:9      | Killed a two-headed ogre
  9432 | D:10     | Noticed a sun demon
  9673 | D:10     | Found an ornate altar of the Wu Jian Council.
  9855 | D:11     | Noticed Grum
  9864 | D:11     | Killed Grum
  9871 | D:11     | Reached ***** piety under Qazlal
  9962 | D:10     | Found Xiez Gog's Armour Shop.
  9972 | D:10     | Bought a +2 pair of gloves of strength for 236 gold pieces
  9972 | D:10     | Bought a +1 cloak of willpower for 181 gold pieces
 10274 | D:11     | Found a snail-covered altar of Cheibriados.
 10346 | D:11     | Noticed a boulder beetle
 10375 | D:11     | Killed a boulder beetle
 10473 | D:11     | Noticed a boulder beetle
 10500 | D:11     | Reached XP level 12. HP: 93/94 MP: 19/19
 10511 | D:11     | Killed a boulder beetle
 10525 | D:11     | Reached skill level 1 in Throwing
 10715 | D:12     | Noticed a two-headed ogre
 10723 | D:12     | Killed a two-headed ogre
 10724 | D:12     | Reached skill level 10 in Invocations
 11173 | D:13     | Noticed a two-headed ogre
 11184 | D:13     | Killed a two-headed ogre
 12017 | D:13     | Noticed an eight-headed hydra
 12023 | D:13     | Killed an eight-headed hydra
 12036 | D:13     | Noticed Josephine
 12041 | D:13     | Killed Josephine
 12042 | D:13     | Reached skill level 10 in Fighting
 12042 | D:13     | Reached skill level 11 in Invocations
 12065 | D:13     | Reached skill level 1 in Maces & Flails
 12299 | D:13     | Noticed a centaur warrior
 12305 | D:13     | Killed a centaur warrior
 12399 | D:13     | Noticed a fire dragon
 12409 | D:13     | Killed a fire dragon
 12410 | D:13     | Reached XP level 13. HP: 78/103 MP: 21/21
 12414 | D:13     | Found the amulet of Vitality {RegenMP++ Regen++}
 12498 | D:13     | Found the +7 mace of Variability {chaos, chain chaos}
 12633 | D:13     | Identified the +8 trident of the Ancient Xenops {freeze,
                  | rPois rF++}
 12756 | D:14     | Noticed Rupert
 12756 | D:14     | Found a gate to the Vaults.
 13485 | Lair:1   | Entered Level 1 of the Lair of Beasts
 13630 | Lair:1   | Reached skill level 5 in Dodging
 14472 | Lair:2   | Found a staircase to the Shoals.
 14564 | Lair:2   | Reached skill level 12 in Invocations
 14862 | Lair:2   | Found a runed translucent door.
 14863 | Lair:2   | Noticed kazekaze's ghost (journeyman MiBe)
 14887 | Lair:2   | Killed kazekaze's ghost
 15187 | Lair:3   | Reached ****** piety under Qazlal
 15426 | Lair:3   | Found a hole to the Spider Nest.
 15881 | Lair:5   | Entered Level 5 of the Lair of Beasts
 15901 | Lair:5   | Gained mutation: Your touch may inflict irresistible damage
                  | on your foes. [demonic ancestry]
 15901 | Lair:5   | Reached XP level 14. HP: 108/113 MP: 23/23
 15964 | Lair:5   | Reached skill level 5 in Maces & Flails
 15978 | Lair:5   | Found a gate leading to a gauntlet.
 15984 | Gauntlet | Entered a Gauntlet
 15984 | Gauntlet | Found a transporter.
 15984 | Gauntlet | Found a transporter.
 15985 | Gauntlet | Found a transporter.
 15985 | Gauntlet | Found a transporter.
 15988 | Gauntlet | Found a transporter.
 16018 | Gauntlet | Found a transporter.
 16081 | Gauntlet | Found a transporter.
 16089 | Gauntlet | Found a transporter.
 16095 | Gauntlet | Found a transporter.
 16125 | Gauntlet | Found a transporter.
 16131 | Gauntlet | Found a transporter.
 16169 | Gauntlet | Found a transporter.
 16277 | Gauntlet | Identified the amulet "Doocu" {RegenMP Dex+4}
 16316 | Gauntlet | Reached skill level 10 in Shields
 16429 | Lair:5   | Reached skill level 13 in Invocations
 16479 | Lair:4   | Found a viscous altar of Jiyva.
 16480 | Lair:4   | Found a staircase to the Slime Pits.
 16718 | Lair:4   | Identified the +0 scale mail of Demons {Harm Will+ Stlth-}
 17632 | Lair:5   | Found a large runed translucent door.
 17709 | Lair:5   | Found a large runed translucent door.
 18202 | Lair:5   | Got the Almanac of the Twisted Blaze
 18542 | Orc:1    | Entered Level 1 of the Orcish Mines
 18827 | Orc:2    | Entered Level 2 of the Orcish Mines
 18975 | Orc:2    | Noticed Nessos
 19011 | Orc:2    | Killed Nessos
 19075 | Orc:2    | Gained mutation: When hurt, damage is shared between your
                  | health and your magic reserves. [demonic ancestry]
 19075 | Orc:2    | Reached XP level 15. HP: 122/122 MP: 25/25
 19221 | Orc:2    | Noticed Erolcha
 19230 | Orc:2    | Killed Erolcha
 19307 | Orc:2    | Found a staircase to the Elven Halls.
 19611 | Orc:1    | Reached skill level 14 in Invocations
 20044 | Orc:2    | Found Hiofuetu's Antique Armour Boutique.
 20044 | Orc:2    | Found Puumetucs's Armour Shoppe.
 20046 | Orc:2    | Found Walypp's Antique Weapon Emporium.
 20048 | Orc:2    | Found Henekh's Assorted Antiques.
 20065 | Orc:2    | Bought the +3 pair of seven-league boots {Rampage+∞} for
                  | 680 gold pieces
 20065 | Orc:2    | Found the +3 pair of seven-league boots {Rampage+∞}
 20082 | Orc:2    | Bought a spiked plate armour for 952 gold pieces
 20082 | Orc:2    | Identified the +10 plate armour of Rapoocw {rF++ Dex+4
                  | Slay-2} (You bought it in a shop on level 2 of the Orcish
                  | Mines)
 20853 | Spider:1 | Entered Level 1 of the Spider Nest
 21371 | Spider:2 | Identified the +5 chain mail of Xizxolla {Will+}
 22795 | Spider:3 | Reached skill level 15 in Invocations
 22810 | Spider:4 | Entered Level 4 of the Spider Nest
 22819 | Spider:4 | Noticed Arachne
 22834 | Spider:3 | Gained mutation: Your demonic aura often causes spilled
                  | blood to erupt in flames. [demonic ancestry]
 22834 | Spider:3 | Reached XP level 16. HP: 29/131 MP: 2/27
 23863 | Spider:3 | HP: 9/196 [broodmother (10)]
 23863 | Spider:3 | Slain by a moth of wrath

Illustrated notes

Levels and vault maps discovered:
D:1:      saegor_arrival_fortress, layout_basic,
          amcnicky_mini_rare_corridor_liquid
D:2:      layout_basic, uniq_natasha, uniq_jessica
D:3:      layout_basic, grunt_temple_overflow_open, serial_shops, shop,
          uniq_sigmund, uniq_grinder
D:4:      layout_basic, hangedman_decor_slide_cut, uniq_edmund
D:5:      layout_cave_pods, nicolae_qazlal_general_emergency, corexii_shack
D:6:      layout_gridville, minmay_temple_entry_antechambers, enter_ossuary_5
D:7:      nzn_winding_woodlands_large [nzn_winding_woodlands_5x5_cross,
          nzn_winding_woodlands_5x15_parted,
          nzn_winding_woodlands_5x5_open_star,
          nzn_winding_woodlands_center_lodge,
          nzn_winding_woodlands_15x15_killbox,
          nzn_winding_woodlands_center_diamonds,
          nzn_winding_woodlands_5x5_perimeter, nzn_winding_woodlands_5x15_cabin,
          nzn_winding_woodlands_hourglass], layout_loops_ring,
          okawaru_gym_becter, nicolae_underground_beach
D:8:      layout_loops_ring, minitemple, kennysheep_mini, erik_lair_island
D:9:      layout_long_grid, mainiacjoe_overflow_cross_hatched, zombieorc2_lemuel
D:10:     layout_rooms, lemuel_doored_altar, nicolae_tso_carved_into_rock,
          serial_shops, nicolae_lakefront_shop, serial_bayou_pond_b
D:11:     layout_basic, kennysheep_slug_shrine, uniq_grum
D:12:     layout_basic, minmay_unpleasant_kobolds
D:13:     minmay_tri_box, layout_layer_cave, uniq_josephine
D:14:     layout_roguey [special_room_bee], david_vaults_3, kennysheep_path_1
Lair:1:   layout_regular_city, columned_hall_lemuel, st_stairs_13,
          pdpol_lair_cavern_descent, infiniplex_staircase_pool
Lair:2:   layout_long_grid, shoals_dummy_entry, ebering_ghost_reflecting_pool,
          serial_bayou_pond_b, lemuel_old_faithful, grunt_megastairs_2
Lair:3:   layout_roguey, spider_nest_entry_funnel_web,
          grunt_forest_small_clearings, lemuel_fruit_fields,
          infiniplex_staircase_pool_2
Lair:4:   layout_regular_city, nicolae_slime_entry_slimehenge,
          grunt_megastairs_5, lemuel_fruit_tree
Lair:5:   cheibrodos_lair_end_hotspot, layout_misc_corridors,
          gauntlet_entry_generic, serial_bayou_shore_b, serial_bayou_shore_b
Spider:1: layout_cave_pods
Spider:2: layout_spider_delve
Spider:3: layout_spider_delve
Spider:4: hellmonk_spider_rune_endless_swarm, uniq_arachne
Orc:1:    layout_caves
Orc:2:    st_orc_rangers, layout_diamond_mine, rock_pile, uniq_erolcha,
          uniq_rupert, uniq_nessos

Skill      XL: |  1  2  3  4  5  6  7  8  9 10 11 12 13 14 15 |
---------------+----------------------------------------------+-----
Shields        | 3 4 5 6 8 9 10 11 | 11.9
Axes           | 2 3 4 5 6 8 9 10 11 12 | 12.1
Armour         | 3 4 5 6 7 8 |  8.8
Dodging        | 1 2 3 4 5 6 |  6.9
Fighting       | 4 5 6 7 8 10 11 12 13 | 13.5
Invocations    | 2 4 6 8 9 11 12 13 15 | 15.2
Throwing       | 1 |  1.2
Maces & Flails | 1 4 7 9 |  9.9
Stealth        | |  0.6
Evocations     | |  0.2

Action                     |  1- 3 |  4- 6 |  7- 9 | 10-12 | 13-15 | 16-18 || total
---------------------------+-------+-------+-------+-------+-------+-------++-------
  Melee: War axe           |   124 |    87 |   284 |   502 |       |       ||   997
         Morningstar       |       |       |       |    31 |   779 |    53 ||   863
  Throw: Stone             |       |       |     8 |       |       |       ||     8
         Javelin           |       |       |     2 |     2 |       |       ||     4
         Dart              |       |       |       |    18 |       |       ||    18
 Invoke: Elemental Force   |       |       |       |     2 |     6 |       ||     8
         Upheaval          |       |       |       |     1 |     6 |     1 ||     8
  Evoke: Wand              |       |       |     2 |     2 |       |       ||     4
    Use: Scroll            |     4 |     1 |    10 |     5 |     7 |       ||    27
         Potion            |       |     4 |     4 |       |     3 |     1 ||    12
   Stab: Invisible         |       |     1 |       |       |       |       ||     1
         Paralysed         |       |       |       |     1 |     1 |       ||     2
         Distracted        |       |       |       |       |     1 |       ||     1
 Armour: Scale mail        |   101 |    32 |    81 |   128 |   359 |    56 ||   757
  Dodge: Dodged            |   122 |    71 |   170 |   200 |   533 |    87 ||  1183
         Repelled          |       |       |       |     2 |     7 |       ||     9
  Block: Buckler           |    46 |    23 |   146 |       |       |       ||   215
         Reflection        |       |       |     5 |    25 |    47 |       ||    77
         Kite shield       |       |       |    51 |   582 |  1129 |   121 ||  1883

Table legend: (Time is in decaauts)
 A = Elapsed time spent in this place.
 B = Non-inter-level travel time spent in this place.
 C = Inter-level travel time spent in this place.
 D = Time resting spent in this place.
 E = Time spent auto-exploring this place.
 F = Levels seen in this place.
 G = Mean time per level.
                   A        B        C        D        E       F      G
               +--------+--------+--------+--------+--------+-----+--------+
         Total |  24394 |  23006 |   1388 |   1141 |  13292 |  27 |  903.5 |
       Dungeon |  13926 |  13155 |    771 |    771 |   7814 |  14 |  994.7 |
          Lair |   5006 |   4595 |    411 |    161 |   2863 |   5 | 1001.2 |
   Spider Nest |   2898 |   2810 |     88 |    101 |   1678 |   4 |  724.5 |
  Orcish Mines |   1942 |   1825 |    117 |    104 |    904 |   2 |  971.0 |
       Ossuary |    169 |    169 |      0 |      0 |      0 |   1 |  169.0 |
      Gauntlet |    452 |    452 |      0 |      4 |     32 |   1 |  452.0 |
               +--------+--------+--------+--------+--------+-----+--------+

Top non-repeatable levels by time:
     D:7: 1652 daAuts
    D:13: 1564 daAuts
     D:8: 1447 daAuts
  Lair:5: 1328 daAuts
   Orc:2: 1221 daAuts
Spider:3: 1204 daAuts
    D:12: 1178 daAuts
     D:9: 1167 daAuts
Spider:1: 1065 daAuts
     D:4: 1056 daAuts
  Lair:1: 1042 daAuts
     D:1: 957 daAuts
  Lair:3: 935 daAuts
     D:2: 905 daAuts
     D:3: 901 daAuts
